 Dungeon Crawl Stone Soup version 0.27.1 (webtiles) character file.

Game seed: 12837445693617333607

46 Sabo the Skirmisher (level 3, -1/29 HPs)
             Began as a Demonspawn Fighter on Aug 26, 2021.
             Was a Follower of Wu Jian.
             Slain by a goblin (4 damage)
             ... led by Robin
             ... on level 2 of the Dungeon.
             The game lasted 00:06:01 (1327 turns).

Sabo the Skirmisher (Demonspawn Fighter)            Turns: 1327, Time: 00:06:02

Health: -1/29      AC:  6    Str: 17    XL:     3   Next: 46%
Magic:  3/3        EV:  7    Int:  9    God:    Wu Jian [*.....]
Gold:   8          SH: 14    Dex: 12    Spells: 2/2 levels left

rFire    . . .     SeeInvis .   i - +2 dagger (flame)
rCold    . . .     Faith    .   c - +0 kite shield
rNeg     . . .     Spirit   .   b - +0 scale mail
rPois    .         Reflect  .   (no helmet)
rElec    .         Harm     .   (no cloak)
rCorr    .         Rampage  .   (no gloves)
Will     .....                  (no boots)
Stlth    ..........             (no amulet)
HPRegen  0.09/turn              (no ring)
MPRegen  0.08/turn              (no ring)

@: mighty
A: large bone plates 2
a: Renounce Religion


You were on level 2 of the Dungeon.
You worshipped Wu Jian.
Wu Jian was aware of your devotion.
You visited 1 branch of the dungeon, and saw 2 of its levels.

You collected 8 gold pieces.

Inventory:

Hand Weapons
 a - a +0 war axe
 i - a +2 dagger of flaming (weapon)
Missiles
 f - 15 sling bullets
 g - 40 bolts
 h - 25 arrows
Armour
 b - a +0 scale mail (worn)
 c - a +0 kite shield (worn)
Scrolls
 j - a scroll of blinking


   Skills:
 + Level 3.1 Fighting
 + Level 2.8 Axes
 + Level 3.1 Armour
 + Level 0.2 Dodging
 + Level 2.8 Shields


You had 2 spell levels left.
You didn't know any spells.
Your spell library was empty.

Dungeon Overview and Level Annotations

Branches:
Dungeon (2/15)

Altars:
Wu Jian


Innate Abilities, Weirdness & Mutations

You are mostly covered in large bone plates. (SH +6)


Message History

You hit the goblin. You burn the goblin.
The goblin is heavily wounded.
You block the goblin's attack. The goblin hits you but does no damage.
You block the goblin's attack.
You miss the goblin.
The goblin is heavily wounded.
The hobgoblin no longer looks unusually strong.
Robin roars a battlecry!
The hobgoblin goes into a battle-frenzy!
The goblin hits you with a +0 dagger. You block the goblin's attack.
You hit the goblin. You burn the goblin.
You kill the goblin!
The Council accepts your kill.
The hobgoblin no longer looks unusually strong.
The goblin hits you but does no damage. Robin throws the goblin at you!
The goblin hits you with a +0 dagger.
You barely miss the goblin.
The goblin no longer looks unusually strong.
You block the goblin's attack. Robin hits you with a +11 club.
* * * LOW HITPOINT WARNING * * *
You block the goblin's attack.
You hit Robin. You burn Robin.
You kill Robin!
The Council accepts your kill. The goblin hits you with a +0 club.
* * * LOW HITPOINT WARNING * * *
The goblin hits you but does no damage.
You hit the hobgoblin. You burn the hobgoblin.
The hobgoblin is heavily wounded.
The goblin hits you but does no damage. You block the goblin's attack.
The hobgoblin hits you but does no damage.
You feel very mighty all of a sudden. You block the goblin's attack.
The hobgoblin barely misses you. The goblin hits you but does no damage.
You barely miss the hobgoblin.
The hobgoblin is moderately wounded.
You block the goblin's attack. The goblin barely misses you.
The hobgoblin hits you but does no damage.
The goblin hits you with a +0 club.
You die...

###g######
...gggg@g#
.###g###g#
#.# #.#
#.# #.#
#.# #.#
#.#


You could see 2 gnolls, 3 hobgoblins and 3 goblins.

Vanquished Creatures
  Robin (D:2)
  3 ball pythons
  3 bats
  4 endoplasms (D:1)
  A giant cockroach (D:1)
  3 goblins
  3 hobgoblins
  2 jackals (D:1)
  2 kobolds (D:1)
  4 quokkas (D:1)
  3 frilled lizards (D:1)
  2 rats (D:1)
31 creatures vanquished.

Notes
Turn   | Place    | Note
-------+----------+-------------------------------------------
     0 | D:1      | Sabo the Demonspawn Fighter began the quest for the Orb.
     0 | D:1      | Reached XP level 1. HP: 18/18 MP: 1/1
   231 | D:1      | Gained mutation: You are partially covered in large bone
                  | plates. (SH +4) [demonic ancestry]
   231 | D:1      | Reached XP level 2. HP: 19/24 MP: 2/2
  1009 | D:1      | Found a faded altar of an unknown god.
  1054 | D:1      | Became a worshipper of the Wu Jian Council
  1054 | D:1      | Reached * piety under Wu Jian
  1120 | D:1      | Gained mutation: You are mostly covered in large bone
                  | plates. (SH +6) [demonic ancestry]
  1120 | D:1      | Reached XP level 3. HP: 27/29 MP: 3/3
  1303 | D:2      | Noticed Robin
  1324 | D:2      | Killed Robin
  1327 | D:2      | Slain by a goblin

Illustrated notes

Levels and vault maps discovered:
D:1:      giann_forest_graveyard, layout_basic,
          dilly_ecumenical_altar_fadedgnrine, minivault_19
D:2:      layout_basic, basic_altar, uniq_robin

Skill      XL: |  1  2 |
---------------+-------+-----
Armour         | 3 |  3.1
Axes           | 2 |  2.8
Fighting       | |  3.1
Dodging        | |  0.2
Shields        | |  2.8

Action                   || total
-------------------------++-------
Melee: War axe           ||    57
       Dagger            ||    36
Invok: Whirlwind         ||     2
       Lunge             ||     1
  Use: Scroll            ||     2
       Potion            ||     1
Armor: Scale mail        ||    50
Dodge: Dodged            ||    21
Block: Kite shield       ||    74
